 Dungeon Crawl Stone Soup version 0.28-a0-1493-g08698888e4 (webtiles) character file.

Game seed: 398841339138353245

80 parzival7114810 the Skirmisher (level 4, 0/41 HPs)
             Began as a Hill Orc Fighter on Jan 12, 2022.
             Slain by a gnoll (4 damage)
             ... on level 2 of the Dungeon.
             The game lasted 00:05:08 (2624 turns).

parzival7114810 the Skirmisher (Hill Orc Fighter)   Turns: 2624, Time: 00:05:09

Health: 0/41       AC:  7    Str: 20    XL:     4   Next: 39%
Magic:  4/4        EV:  9    Int:  8    God:
Gold:   39         SH:  4    Dex: 10    Spells: 3/3 levels left

rFire   . . .      SeeInvis .   a - +0 war axe
rCold   . . .      Faith    .   c - +0 buckler
rNeg    . . .      Spirit   .   b - +0 scale mail
rPois   .          Reflect  .   (no helmet)
rElec   .          Harm     .   (no cloak)
rCorr   .          Rampage  .   (no gloves)
Will    .....                   (no boots)
Stlth   ..........              (no amulet)
HPRegen 0.13/turn               (no ring)
MPRegen 0.09/turn               (no ring)

@: mighty
A: no striking features
a: no special abilities


You were on level 2 of the Dungeon.
You visited 1 branch of the dungeon, and saw 2 of its levels.

You collected 39 gold pieces.

Inventory:

Hand Weapons
 a - a +0 war axe (weapon)
Missiles
 g - 13 poisoned darts (quivered)
Armour
 b - a +0 scale mail (worn)
 c - a +0 buckler (worn)
 i - a +0 pair of gloves
Scrolls
 f - 2 scrolls of vulnerability {unknown}
 h - a scroll of identify {unknown}
 k - a scroll of teleportation {unknown}
 l - a scroll of silence {unknown}
Potions
 e - a potion of attraction {unknown}
 j - a potion of flight {unknown}
 m - a potion of curing {unknown}


   Skills:
 + Level 4.6 Fighting
 + Level 4.0 Axes
 + Level 3.7 Armour
 + Level 0.1 Dodging
 + Level 0.2 Stealth
 + Level 3.7 Shields


You had 3 spell levels left.
You didn't know any spells.
Your spell library was empty.

Dungeon Overview and Level Annotations

Branches:
Dungeon (2/15)

Altars:


Message History

2 gnolls come into view.
The gnoll shouts!
You hear a shout! x2
A gnoll comes into view. It is wielding a +0 halberd.
The gnoll moves out of view.
A gnoll comes into view. It is wielding a +0 whip.
You feel very mighty all of a sudden. The gnoll hits you but does no damage.
You barely miss the gnoll. The gnoll closely misses you.
The gnoll hits you with a +0 club.
You hit the gnoll.
The gnoll is heavily wounded.
You closely miss the gnoll. The gnoll hits you with a +0 club.
The gnoll hits you from afar with a +0 halberd!
You slash the gnoll!
You kill the gnoll!
You slash the gnoll! You hit the gnoll.
The gnoll hits you from afar with a +0 halberd.
The gnoll barely misses you. The gnoll hits you but does no damage.
Your Axes skill increases to level 4!
The gnoll hits you with a +0 halberd. The gnoll hits you with a +0 whip. x2
Things that are here:
a +0 club; a gnoll corpse The gnoll hits you with a +0 halberd.
* * * LOW HITPOINT WARNING * * *
You block the gnoll's attack.
You slice the gnoll!!
You kill the gnoll!
You barely miss the gnoll. You hit the gnoll.
The gnoll hits you with a +0 whip.
* * * LOW HITPOINT WARNING * * *
The gnoll barely misses you. You block the gnoll's attack.
The gnoll barely misses you.
You see here a +0 halberd.
The gnoll hits you with a +0 whip.
* * * LOW HITPOINT WARNING * * *
The gnoll hits you with a +0 whip.
* * * LOW HITPOINT WARNING * * *
The gnoll barely misses you. The gnoll hits you with a +0 whip.
You die...

..# #.# #####.# ...#.#
###.#.##### # .........#
..
######..#...#########.##
#...............@.......
#.#.....#.#.##)gg.....#.
#.#.....#.#.##.)......#
#.........#.#.........#
.........##.#.........#
............#........##
...##########........+
.<.# #........# ...#
#####...#..


You could see 2 gnolls.

Vanquished Creatures
  2 gnolls (D:2)
  An adder (D:2)
  A dart slug (D:2)
  4 bats (D:1)
  4 endoplasms
  A giant cockroach (D:1)
  10 hobgoblins
  3 jackals (D:1)
  2 kobolds
  4 quokkas
  7 ball pythons
  3 frilled lizards
  2 rats
44 creatures vanquished.

Vanquished Creatures (others)
  2 demonic plants (D:1)
2 creatures vanquished.

Grand Total: 46 creatures vanquished

Notes
Turn   | Place    | Note
-------+----------+-------------------------------------------
     0 | D:1      | parzival7114810 the Hill Orc Fighter began the quest for
                  | the Orb.
     0 | D:1      | Reached XP level 1. HP: 19/19 MP: 1/1
   476 | D:1      | Reached XP level 2. HP: 27/27 MP: 2/2
   655 | D:1      | Found a faded altar of an unknown god.
   655 | D:1      | Noticed an Executioner
   695 | D:1      | Reached XP level 3. HP: 29/33 MP: 3/3
  2546 | D:2      | Reached XP level 4. HP: 40/41 MP: 4/4
  2624 | D:2      | Slain by a gnoll

Illustrated notes

Levels and vault maps discovered:
D:1:      grunt_arrival_lava_bath, layout_loops_ring,
          dreamdust_ecumenical_altar_sealed_demon, minmay_pentomino_s4
D:2:      layout_basic, serial_shops, nicolae_shop_competitors_out_of_business

Skill      XL: |  1  2  3  4 |
---------------+-------------+-----
Axes           | 3 4 |  4.0
Fighting       | 4 |  4.6
Armour         | |  3.7
Dodging        | |  0.1
Stealth        | |  0.2
Shields        | |  3.7

Action                   |  1- 3 |  4- 6 || total
-------------------------+-------+-------++-------
Melee: War axe           |   107 |     8 ||   115
  Use: Potion            |       |     1 ||     1
Armor: Scale mail        |    57 |     3 ||    60
Dodge: Dodged            |    65 |     6 ||    71
Block: Buckler           |    28 |     3 ||    31

Table legend: (Time is in decaauts)
 A = Elapsed time spent in this place.
 B = Non-inter-level travel time spent in this place.
 C = Inter-level travel time spent in this place.
 D = Time resting spent in this place.
 E = Time spent auto-exploring this place.
 F = Levels seen in this place.
 G = Mean time per level.
                   A        B        C        D        E       F      G
               +--------+--------+--------+--------+--------+-----+--------+
         Total |   2668 |   2668 |      0 |   1493 |    707 |   2 | 1334.0 |
       Dungeon |   2668 |   2668 |      0 |   1493 |    707 |   2 | 1334.0 |
               +--------+--------+--------+--------+--------+-----+--------+

Top non-repeatable levels by time:
     D:1: 1843 daAuts
     D:2: 825 daAuts
